 Dungeon Crawl Stone Soup version 0.23.2-1-ga50397a (webtiles) character file.

Game seed: 3405238145778296684

121 Borgoz the Cutter (level 5, -9/35 HPs)
             Began as a Halfling Gladiator on May 25, 2019.
             Mangled by Sigmund
             ... wielding a +0 scythe
              (14 damage)
             ... on level 3 of the Dungeon.
             The game lasted 00:01:55 (1889 turns).

Borgoz the Cutter (Halfling Gladiator)              Turns: 1889, Time: 00:01:55

Health: -9/35      AC:  4    Str: 21    XL:     5   Next: 26%
Magic:  5/5        EV: 22    Int:  6    God:
Gold:   106        SH:  0    Dex: 21    Spells: 4/4 levels left

rFire    + . .     SeeInvis .   a - +0 rapier
rCold    + . .     Gourm    .   (shield restricted)
rNeg     . . .     Faith    .   b - +0 leather armour
rPois    .         Spirit   .   c - +0 helmet
rElec    .         Reflect  .   n - scarf {rC+ rF+}
rCorr    .         Harm     .   (no gloves)
MR       .....                  (no boots)
Stlth    +++.......             (no amulet)
HPRegen  0.11/turn              e - ring of wizardry
MPRegen  0.09/turn              (no ring)

@: mighty, agile
A: small, mutation resistance 1
a: no special abilities


You were on level 3 of the Dungeon.
You were not hungry.

You visited 1 branch of the dungeon, and saw 3 of its levels.

You collected 106 gold pieces.

Inventory:

Hand Weapons
 a - a +0 rapier (weapon)
 g - a +2 vampiric dagger
 o - a +2 dagger of holy wrath
Missiles
 d - 3 throwing nets (quivered)
Armour
 b - a +0 leather armour (worn)
 c - a +0 helmet (worn)
 n - a scarf of resistance (worn)
Jewellery
 e - a ring of wizardry (left hand)
Wands
 t - a wand of acid (3)
Scrolls
 h - 5 scrolls of identify {unknown}
 i - a scroll of teleportation {unknown}
 j - 2 scrolls of magic mapping {unknown}
 k - a scroll of enchant armour {unknown}
 p - 2 scrolls of enchant weapon {unknown}
Potions
 l - a potion of magic {unknown}
 m - a potion of berserk rage {unknown}
 q - a potion of might
 r - a potion of flight {unknown}
Comestibles
 f - 11 rations


   Skills:
 + Level 2.7 Fighting
 + Level 4.6 Short Blades
 - Level 2.0 Throwing
 + Level 2.2 Armour
 + Level 4.1 Dodging


You had 4 spell levels left.
You didn't know any spells.
Your spell library was empty.

Dungeon Overview and Level Annotations

Branches:
Dungeon (3/15)

Altars:
Nemelex Xobeh

Annotations:
D:3 Sigmund


Innate Abilities, Weirdness & Mutations

You are small and have problems with some larger weapons.
You are somewhat resistant to further mutation.


Message History

A hobgoblin is nearby!
You barely miss something.
You hear some strange, mumbled words.
Something tries to affect you, but you resist.
You puncture something! Something hits you.
You closely miss something. Something hits you!
You closely miss something. You hit something but do no damage.
Something hits you!
You are too injured to fight recklessly!
You are too injured to fight recklessly!
You are too injured to fight recklessly!
You hit something. Something hits you!
* * * LOW HITPOINT WARNING * * *
You are too injured to fight recklessly!
It was a potion of might.
You feel very mighty all of a sudden.
It was a potion of agility.
You feel agile all of a sudden. Something hits you!
You die...

#.###.###..###
#.............
######(###..###
.......[.....####..
#######...........#
#####.###### #.#
#.########
#<@{g.....
##########


You could see a hobgoblin.

Vanquished Creatures
  Jessica (D:2)
  4 adders (D:2)
  A dart slug (D:2)
  6 bats
  A giant cockroach (D:1)
  15 goblins
  6 hobgoblins
  3 jackals (D:1)
  7 kobolds
  A ball python (D:2)
  3 frilled lizards
  8 rats
56 creatures vanquished.

Notes
Turn   | Place    | Note
-------+----------+-------------------------------------------
     0 | D:1      | Borgoz the Halfling Gladiator began the quest for the Orb.
     0 | D:1      | Reached XP level 1. HP: 14/14 MP: 1/1
    66 | D:1      | Reached XP level 2. HP: 13/19 MP: 2/2
   296 | D:1      | Reached skill level 1 in Armour
   383 | D:1      | Reached XP level 3. HP: 16/24 MP: 3/3
   802 | D:2      | Noticed Jessica
   814 | D:2      | Killed Jessica
   814 | D:2      | Reached XP level 4. HP: 28/30 MP: 4/4
  1019 | D:2      | Found a sparkling altar of Nemelex Xobeh.
  1049 | D:2      | Found a faded altar of an unknown god.
  1185 | D:2      | Reached XP level 5. HP: 25/35 MP: 5/5
  1880 | D:3      | Noticed Sigmund
  1889 | D:3      | Mangled by Sigmund

Skill      XL: |  1  2  3  4 |
---------------+-------------+-----
Fighting       | 2 |  2.7
Armour         | 1 2 |  2.2
Short Blades   | 4 |  4.6
Dodging        | 4 |  4.1
Throwing       | |  2.0

Action                   |  1- 3 |  4- 6 || total
-------------------------+-------+-------++-------
Melee: Rapier            |    84 |   104 ||   188
  Use: Potion            |       |     2 ||     2
 Stab: Sleeping          |     1 |     2 ||     3
  Eat: Chunk             |       |     3 ||     3
Armor: Leather armour    |    23 |    22 ||    45
Dodge: Dodged            |    79 |   100 ||   179
